 Dungeon Crawl Stone Soup version 0.24.0-41-g2ae2f7f1be (webtiles) character file.

Game seed: 10791536330597718478, levelgen mode: deterministic

4566 ReteAZ the Fighter (level 10, -1/99 HPs)
             Began as a Gargoyle Fighter on Dec 14, 2019.
             Was an Elder of Okawaru.
             Killed from afar by a steam dragon (13 damage)
             ... with a ball of steam
             ... on level 8 of the Dungeon.
             The game lasted 00:13:40 (6870 turns).

ReteAZ the Fighter (Gargoyle Fighter)               Turns: 6870, Time: 00:13:41

Health: -1/99      AC: 25    Str: 24    XL:     10   Next: 40%
Magic:  10/10      EV:  2    Int:  8    God:    Okawaru [****..]
Gold:   508        SH:  7    Dex: 13    Spells: 9/9 levels left

rFire    . . .     SeeInvis .   a - +1 war axe (flame)
rCold    . . .     Gourm    .   t - +0 buckler
rNeg     + + +     Faith    .   (armour currently unavailable)
rPois    ∞         Spirit   .   (helmet currently unavailable)
rElec    .         Reflect  +   (cloak currently unavailable)
rCorr    .         Harm     .   (gloves currently unavailable)
MR       .....     NoTele   +   (boots currently unavailable)
Stlth    +.........             k - +2 amulet of reflection (curse)
HPRegen  0.26/turn              y - +4 ring of dexterity
MPRegen  0.12/turn              (no ring)

@: tree-form
A: blurry vision 1, negative energy resistance 1, petrification resistance, rot
immunity, AC +7
a: Heroism, Renounce Religion


You were on level 8 of the Dungeon.
You worshipped Okawaru.
Okawaru was greatly pleased with you.
You were not hungry.
You were a tree.
You visited 2 branches of the dungeon, and saw 9 of its levels.

You collected 508 gold pieces.

Inventory:

Hand Weapons
 a - a +1 war axe of flaming (weapon)
Missiles
 n - 15 boomerangs (quivered)
Armour
 c - a +0 shield
 i - a +1 scale mail of fire resistance
 o - a +0 plate armour (melded)
 s - a +0 helmet (melded)
 t - a +0 buckler (worn)
 x - a scarf of resistance (melded)
Jewellery
 h - an uncursed ring of ice
 k - a cursed +2 amulet of reflection (around neck)
 y - a +4 ring of dexterity (left branch)
Wands
 b - a wand of random effects (16)
 u - a wand of flame (37)
Scrolls
 e - 8 scrolls of identify
 p - a scroll of blinking {unknown}
 B - 2 scrolls of magic mapping
 C - a scroll of remove curse
 D - a scroll of amnesia
 E - a scroll of teleportation
Potions
 d - 2 potions of ambrosia {unknown}
 j - a potion of brilliance
 l - a potion of agility
 q - a potion of curing
 v - a potion of mutation
 A - a potion of cancellation
Comestibles
 f - 17 rations
 m - 4 chunks of flesh


   Skills:
 + Level 9.5 Fighting
 * Level 8.8 Axes
 + Level 9.5 Armour
 - Level 4.0 Shields


You had 9 spell levels left.
You didn't know any spells.
Your spell library contained the following spells:

 Spells                   Type           Power        Failure   Level  Hunger
 Sandblast                Erth           #.....       41%         1    ##.....
 Passwall                 Tmut/Erth      #.......     54%         2    ###....
 Stone Arrow              Conj/Erth      #.....       78%         3    ####...
 Petrify                  Tmut/Erth      #.......     99%         4    #####..
 Lee's Rapid Deconstruct  Erth           #.........   100%        5    ######.


Dungeon Overview and Level Annotations

Branches:
Dungeon (8/15)             Temple (1/1) D:4            Lair (0/6) D:8

Altars:
Ashenzari
Cheibriados
Dithmenos
Elyvilon
Fedhas
Hepliaklqana
Kikubaaqudgha
Makhleb
Nemelex Xobeh
Okawaru
Qazlal
Ru
Sif Muna
Trog
Uskayaw
Vehumet
Wu Jian
Xom
Yredelemnul
Zin
The Shining One


Innate Abilities, Weirdness & Mutations

You are resistant to torment.
((Your stone body is resilient. (AC +7)))
You are immune to poison.
You resist negative energy. (rN+)
((You are resistant to electric shocks. (rElec)))
((You can survive without breathing.))
You are immune to petrification.
You are immune to rotting.
((You have a pair of small horns on your head.))
Scrolls take you a little longer to read.


Message History

The steam dragon is heavily wounded.
You hit the two-headed ogre. You burn the two-headed ogre.
The two-headed ogre hits you but does no damage.
The two-headed ogre hits you with a cursed -3 giant club!
* * * LOW HITPOINT WARNING * * *
The steam dragon bites you but does no damage.
The steam dragon claws you.
* * * LOW HITPOINT WARNING * * *
It was a potion of curing.
You feel better.
A deep elf mage comes into view.
It is wielding a +1 rapier of holy wrath.
The steam dragon bites you but does no damage.
The steam dragon claws you but does no damage.
The two-headed ogre hits you with a +0 giant club!
* * * LOW HITPOINT WARNING * * *
You block the two-headed ogre's attack.
It was a potion of mutation.
You feel extremely strange.
Your vision blurs.
A pair of horns grows on your head! The steam dragon breathes steam at you.
The ball of steam hits you!
You die...

.....#.................
.
.....#.##..............
.#
....##.######.........
# ....#...#
##.####..... #
........###.##...### #
.....#..##.#..#.§### #
....##..#.#.#####§.# .#
...###...##.##.§O##...#
#. ..## #...#.##.#§♣D#
.## #. ..# #...#.
#..#.#.# # #. #..
.....#. #...###.. #.
##........ #.#.# .#.e
#.. #........##.## . #.
#.. .........## # #..
.........# #.. #.. #..


You could see a two-headed ogre, a deep elf mage and a steam dragon.

Vanquished Creatures
  A centaur warrior (D:8)
  Joseph (D:7)
  A centaur zombie (D:7)
  A hippogriff (D:7)
  Sigmund (D:4)
  Edmund (D:4)
  A water moccasin (D:7)
  2 orc warriors (D:7)
  A black bear (D:8)
  2 sky beasts
  A phantom (D:8)
  5 centaurs
  2 ogres
  A crocodile (D:8)
  A bullfrog (D:6)
  2 scorpions (D:8)
  5 wights (D:8)
  3 howler monkeys (D:7)
  3 crimson imps
  A hound (D:8)
  2 jellies
  8 orc priests
  4 orc wizards
  A centaur skeleton (D:4)
  2 bullfrog skeletons
  2 iguanas
  5 worker ants
  2 hound skeletons
  A howler monkey zombie (D:6)
  A worker ant zombie (D:8)
  6 adders
  4 gnolls
  2 shadow imps (D:5)
  2 oozes (D:1)
  3 adder skeletons
  A worm (D:2)
  2 dart slugs (D:1)
  3 leopard geckos
  15 orcs
  A ball python (D:1)
  8 bats
  7 giant cockroaches
  4 goblins
  7 hobgoblins
  4 jackals
  7 kobolds
  A quokka (D:5)
  A ball python skeleton (D:4)
  3 frilled lizards
  A quokka zombie (D:7)
  9 rats
155 creatures vanquished.

Notes
Turn   | Place    | Note
-------+----------+-------------------------------------------
     0 | D:1      | ReteAZ the Gargoyle Fighter began the quest for the Orb.
     0 | D:1      | Reached XP level 1. HP: 14/14 MP: 1/1
    21 | D:1      | Reached XP level 2. HP: 19/19 MP: 2/2
    79 | D:1      | Reached XP level 3. HP: 23/23 MP: 3/3
   671 | D:2      | Reached XP level 4. HP: 20/29 MP: 4/4
  1255 | D:3      | Reached XP level 5. HP: 33/33 MP: 5/5
  1693 | D:3      | Reached XP level 6. HP: 39/39 MP: 6/6
  1736 | D:3      | Found a basalt altar of Yredelemnul.
  2116 | D:3      | Reached skill level 5 in Fighting
  2116 | D:3      | Reached skill level 5 in Armour
  2450 | D:4      | Found a staircase to the Ecumenical Temple.
  2461 | Temple   | Entered the Ecumenical Temple
  2711 | Temple   | Became a worshipper of Warmaster Okawaru
  2821 | D:4      | Noticed Sigmund
  2847 | D:4      | Killed Sigmund
  2847 | D:4      | Reached XP level 7. HP: 36/44 MP: 7/7
  3163 | D:4      | Noticed Edmund
  3182 | D:4      | Killed Edmund
  3304 | D:5      | Entered Level 5 of the Dungeon
  3356 | D:5      | Reached * piety under Okawaru
  3543 | D:5      | Found a shadowy altar of Dithmenos.
  3658 | D:5      | Reached XP level 8. HP: 48/51 MP: 8/8
  3839 | D:5      | Reached skill level 5 in Axes
  4635 | D:6      | Found a hazy altar of Hepliaklqana.
  4895 | D:7      | Noticed Joseph
  4918 | D:7      | Killed Joseph
  4991 | D:7      | Reached ** piety under Okawaru
  4991 | D:7      | Reached XP level 9. HP: 49/59 MP: 9/9
  6217 | D:7      | Reached *** piety under Okawaru
  6441 | D:8      | Found a staircase to the Lair.
  6501 | D:8      | Reached XP level 10. HP: 61/66 MP: 10/10
  6830 | D:8      | Noticed a centaur warrior
  6837 | D:8      | Reached **** piety under Okawaru
  6846 | D:8      | Noticed a two-headed ogre
  6848 | D:8      | Killed a centaur warrior
  6864 | D:8      | HP: 1/99 [two-headed ogre/+0 giant club (7)]
  6869 | D:8      | Noticed a deep elf mage
  6870 | D:8      | Gained mutation: Scrolls take you a little longer to read.
                  | [potion of mutation]
  6870 | D:8      | Gained mutation: You have a pair of small horns on your
                  | head. [potion of mutation]
  6870 | D:8      | Killed from afar by a steam dragon

Levels and vault maps discovered:
D:1:      minmay_arrival_cross, layout_loops_ring, minmay_misc_feat_tiny,
          minmay_close_crescents
D:2:      layout_rooms
D:3:      corexii_shack_village, layout_basic, first_ration,
          minmay_misc_feat_rows, yredelemnul_altar_generic
D:4:      layout_basic, minmay_temple_entry_statues_fountains, uniq_edmund,
          uniq_sigmund
D:5:      layout_loops_ring, grunt_ministairs_5, nicolae_dithmenos_the_darkroom
D:6:      layout_loops_ring, basic_altar
D:7:      layout_layer_cave, minmay_misc_feat_rugged, uniq_joseph
D:8:      minmay_ornate_pinched, layout_layer_cave, lemuel_doored_altar
Temple:   nicolae_temple_the_god_donut

Skill      XL: |  1  2  3  4  5  6  7  8  9 10 |
---------------+-------------------------------+-----
Axes           | 2 3 4 6 7 8 |  8.8
Fighting       | 4 5 6 7 9 |  9.5
Armour         | 4 5 6 8 9 |  9.5
Shields        | 4 |  4.0

Action                   |  1- 3 |  4- 6 |  7- 9 | 10-12 || total
-------------------------+-------+-------+-------+-------++-------
Melee: War axe           |    85 |   185 |   285 |    84 ||   639
Throw: Boomerang         |       |       |     3 |       ||     3
  Use: Scroll            |       |     5 |     4 |     1 ||    10
       Potion            |       |     1 |     5 |     5 ||    11
  Eat: Chunk             |       |     6 |    13 |     1 ||    20
Armor: Scale mail        |    51 |     1 |       |       ||    52
       Plate armour      |       |   154 |   176 |    54 ||   384
       Skin              |       |       |     7 |    20 ||    27
Dodge: Dodged            |    22 |    45 |    70 |    19 ||   156
Block: Shield            |    46 |    79 |       |       ||   125
       Buckler           |       |    18 |    65 |    35 ||   118
       Reflection        |       |       |     2 |       ||     2
